Map: Catallena LE (Void)

Players

Smurficide - Winner!

  • Race: Zerg Zerg
  • League: Master
  • Spawn Location: 5:00

Chase

  • Race: Terran Terran
  • League: Diamond
  • Spawn Location: 9:00

VOD

Have the link to the VOD?

Description

Time

  • Played on: Aug. 19, 2017, 10:23 a.m.
  • Length: 18:05
Show
View Real Time Build Order
Export as new Build Order

Smurficide Zerg - Winner!

Build Orders: Pool First 

Get SALT Encoding   

  12  0:01  Drone  
  13  0:13  Overlord  
  13  0:18  Drone  
  14  0:32  Drone x2  
  16  0:35  Drone  
  16  0:38  Extractor  
  16  0:46  Drone  
  17  0:51  Spawning Pool  
  17  0:57  Drone  
  17  1:18  Hatchery  
  17  1:22  Drone  
  17  1:24  Drone  
  18  1:29  Drone  
  19  1:41  Roach Warren  
  18  1:51  Queen  
  20  1:54  Zergling x2  
  20  1:58  Drone  
  22  2:05  Overlord  
  22  2:29  Roach x2  
  26  2:32  Roach  
  26  2:33  Queen  
  29  2:39  Queen  
  31  2:47  Overlord  
  31  2:50  Ravager  
  31  2:51  Ravager  
  33  2:57  Roach  
  35  3:02  Drone  
  36  3:13  Drone  
  36  3:14  Drone x4  
  41  3:23  Metabolic Boost  
  41  3:26  Overlord  
  41  3:33  Drone  
  41  3:34  Drone x2  
  44  3:46  Ravager  
  45  3:52  Overlord  
  45  3:54  Extractor  
  45  3:55  Roach, Extractor  
  45  4:05  Drone x3  
  45  4:06  Drone x2  
  45  4:07  Drone, Overlord  
  45  4:09  Overlord  
  48  4:25  Roach  
  48  4:26  Roach x2  
  54  4:34  Roach x3  
  60  4:44  Ravager  
  61  4:49  Roach x2  
  65  4:53  Zergling x10  
  70  5:03  Overlord x2  
  70  5:07  Zergling x2  
  70  5:08  Zergling x4  
  70  5:09  Ravager x2  
  75  5:16  Zergling x2  
  76  5:22  Overlord  
  76  5:23  Zergling x6  
  76  5:25  Ravager  
  79  5:43  Zergling x18  
  88  5:51  Zergling x2  
  89  5:57  Ravager x3  
  89  5:59  Zergling x2  
  93  6:06  Overlord  
  93  6:07  Overlord  
  86  6:26  Zergling x2  
  86  6:27  Zergling x16  
  59  7:02  Drone x6  
  59  7:04  Lair  
  65  7:15  Drone x2  
  67  7:22  Evolution Chamber  
  66  7:23  Hatchery, Evolution Chamber  
  66  7:24  Drone  
  66  7:26  Drone  
  66  7:36  Queen  
  68  7:41  Hatchery, Drone  
  68  7:42  Drone x5  
  73  7:50  Roach x2  
  77  7:52  Ravager x3  
  77  7:57  Roach x2  
  86  8:12  Roach  
  86  8:13  Roach x4  
  86  8:15  Baneling Nest  
  93  8:34  Zerg Ground Armor Level 1, Zerg Melee Weapons Level 1  
  92  8:36  Drone x7  
  99  8:49  Drone  
  99  8:50  Drone x5  
  105  8:55  Spore Crawler  
  105  9:00  Overlord  
  105  9:01  Overlord  
  105  9:02  Centrifical Hooks  
  104  9:14  Extractor  
  103  9:18  Queen  
  103  9:24  Zergling x24  
  106  9:28  Baneling x6  
  106  9:29  Baneling  
  117  9:32  Extractor x2  
  117  9:36  Drone x3  
  118  9:39  Drone x3  
  121  9:46  Zergling x2  
  121  9:47  Zergling x10  
  127  10:00  Overlord x6  
  127  10:18  Baneling  
  127  10:19  Baneling x14  
  127  10:23  Zergling x16  
  127  10:24  Zergling x6  
  127  10:28  Ravager x7  
  141  11:00  Zergling x2  
  141  11:01  Zergling x36  
  150  11:04  Baneling  
  150  11:05  Baneling x16  
  140  11:12  Queen  
  140  11:13  Queen  
  140  11:15  Zerg Melee Weapons Level 2  
  141  11:27  Spawning Pool  
  140  11:38  Drone  
  140  11:39  Drone x6  
  147  11:47  Zerg Ground Armor Level 2  
  147  11:54  Hatchery  
  147  11:57  Drone x6  
  145  12:14  Zergling x6  
  145  12:15  Zergling x18  
  120  12:38  Zergling x2  
  120  12:39  Zergling x28  
  127  12:47  Extractor  
  127  12:48  Drone x2  
  127  12:49  Drone  
  121  12:59  Infestation Pit  
  121  13:02  Zergling x2  
  121  13:03  Zergling x8  
  125  13:10  Baneling x12  
  125  13:11  Baneling x2  
  125  13:14  Spire  
  125  13:16  Zergling x2  
  125  13:17  Zergling x20  
  135  13:20  Queen  
  135  13:21  Drone  
  121  13:41  Zergling x2  
  121  13:42  Zergling x24  
  126  13:49  Hive  
  122  13:56  Drone x5  
  127  14:04  Queen, Extractor  
  128  14:16  Zergling x2  
  128  14:17  Zergling x14  
  134  14:23  Burrow  
  136  14:32  Infestor x3  
  136  14:35  Infestor  
  142  14:43  Infestor x2  
  146  14:48  Queen  
  148  14:56  Spore Crawler  
  148  14:57  Spine Crawler x2  
  140  15:22  Drone  
  140  15:23  Drone x4  
  145  15:28  Extractor  
  145  15:32  Extractor  
  136  15:39  Drone x3  
  138  15:48  Ultralisk Cavern  
  137  15:51  Adrenal Glands  
  137  16:11  Zergling x10  
  138  16:12  Zergling x26  
  138  16:14  Baneling  
  138  16:15  Baneling x15  
  155  16:28  Zergling x2  
  155  16:29  Zergling x18  
  165  16:38  Chitinous Plating  
  146  17:08  Ultralisk  
  146  17:09  Ultralisk x3  
  162  17:25  Overseer x3  
  167  17:37  Zergling x2  
  167  17:38  Zergling x10  
  173  17:44  Baneling  
  173  17:45  Baneling x7  
  173  17:48  Hatchery  
Show
View Real Time Build Order
Export as new Build Order

Chase Terran 

Build Orders: MMM Bio 

Get SALT Encoding   

  12  0:01  SCV  
  13  0:13  SCV  
  14  0:20  Supply Depot  
  14  0:25  SCV  
  15  0:36  Refinery  
  15  0:41  SCV  
  16  0:46  Barracks  
  16  0:55  SCV  
  17  1:07  Barracks  
  17  1:20  Barracks  
  17  1:27  Refinery  
  17  1:29  SCV  
  18  1:38  Reaper  
  19  1:51  Orbital Command  
  19  1:58  Reaper  
  20  2:07  Reaper  
  21  2:17  Supply Depot  
  21  2:22  SCV  
  22  2:26  Reaper  
  23  2:38  Supply Depot  
  23  2:39  SCV  
  24  2:46  Reaper  
  24  2:47  Reaper  
  26  2:52  SCV  
  27  2:59  Reaper  
  28  3:09  SCV  
  29  3:18  Reaper  
  29  3:19  Reaper  
  31  3:24  SCV  
  32  3:27  Supply Depot  
  32  3:31  Reaper  
  32  3:50  Reaper  
  32  3:51  Reaper  
  34  4:00  Command Center  
  34  4:03  Reaper  
  34  4:05  SCV  
  36  4:29  SCV  
  36  4:30  Barracks Tech Lab  
  35  4:37  Barracks Reactor  
  35  4:39  Supply Depot  
  35  4:43  SCV  
  36  4:47  Factory  
  36  4:52  Barracks Reactor  
  35  4:54  Barracks x2  
  35  4:55  SCV  
  35  5:04  Stimpack, Marauder  
  37  5:07  SCV  
  38  5:15  Orbital Command  
  38  5:19  SCV  
  39  5:22  Marine x2  
  41  5:30  Supply Depot  
  41  5:31  SCV  
  41  5:32  Marine x3  
  44  5:40  Marine  
  45  5:43  Marine  
  45  5:49  Bunker  
  46  5:50  Marine x3  
  46  5:51  Barracks Reactor  
  46  5:53  Marine  
  50  5:59  SCV x2  
  52  6:04  Marine x2  
  52  6:08  Marine  
  52  6:11  SCV x2  
  57  6:13  Cyclone  
  60  6:23  SCV  
  60  6:24  SCV  
  62  6:35  SCV  
  62  6:36  SCV  
  59  6:43  Marine  
  59  6:44  Marine x2  
  53  6:50  Cyclone  
  46  7:01  Marine  
  46  7:02  Marine x2  
  49  7:09  SCV  
  49  7:13  SCV  
  49  7:14  Starport  
  51  7:16  Bunker  
  51  7:19  Marine  
  51  7:20  Marine  
  51  7:21  SCV  
  54  7:25  Cyclone, SCV  
  54  7:27  Marine x2, Barracks  
  60  7:41  SCV x2  
  62  7:52  Supply Depot  
  62  7:53  Marine, SCV x2  
  62  7:55  Barracks Reactor  
  62  7:56  Marine  
  62  7:57  Marine x2  
  69  8:05  SCV x2  
  70  8:17  SCV  
  70  8:18  SCV  
  71  8:29  SCV  
  71  8:30  SCV  
  71  8:37  Marine x4, Barracks Tech Lab  
  71  8:39  Command Center  
  75  8:41  Armory  
  75  8:42  SCV x2  
  75  8:43  Barracks Reactor  
  75  8:45  Engineering Bay  
  77  8:53  Refinery  
  77  8:55  Supply Depot  
  77  8:59  Marine  
  78  9:05  Combat Shields, Supply Depot  
  78  9:16  Medivac x2, Marine x3  
  85  9:25  Factory Reactor  
  85  9:27  Marine x2, Factory Tech Lab  
  87  9:32  SCV  
  87  9:33  SCV  
  87  9:34  Marauder  
  87  9:37  Marine x2  
  87  9:38  Marine  
  94  9:43  Supply Depot  
  94  9:46  Medivac x2, Marine x2  
  100  9:55  Marine  
  100  9:59  Orbital Command  
  100  10:00  SCV x2  
  100  10:04  Marine x2  
  104  10:12  Bunker, SCV x2  
  106  10:14  Marine  
  106  10:15  Marine x2  
  109  10:24  SCV  
  109  10:26  Marine x3  
  113  10:32  Marine  
  114  10:35  Marine x2  
  114  10:41  SCV  
  114  10:42  SCV x2  
  119  10:43  Widow Mine  
  119  10:44  Marine x2, Marauder  
  125  10:50  Marine  
  125  10:53  Marine, SCV  
  125  10:55  Marine  
  123  11:01  Marine  
  123  11:03  Marine  
  121  11:05  Marine  
  121  11:08  Marine  
  120  11:11  Marine  
  120  11:12  Marine  
  111  11:19  Marine  
  111  11:21  Marine  
  111  11:23  Marine  
  107  11:26  Marine  
  107  11:28  Siege Tank  
  107  11:29  Marine  
  107  11:30  Marine  
  107  11:32  SCV x2  
  109  11:33  Medivac x2  
  109  11:35  Marauder  
  109  11:36  Terran Infantry Weapons Level 1  
  109  11:37  Marine  
  109  11:38  Marine, Engineering Bay, SCV  
  118  11:41  Marine  
  118  11:44  Marine, SCV  
  121  11:54  Terran Vehicle Weapons Level 1, Marine x2  
  121  11:55  Marine, Supply Depot  
  121  11:56  Marine  
  121  11:57  Marine  
  121  11:59  Marauder  
  128  12:01  Marine  
  128  12:03  Medivac x2  
  125  12:12  Marine  
  76  12:17  Marine x3  
  76  12:18  Marine  
  76  12:19  Marine  
  76  12:20  Marine  
  78  12:30  Marine  
  78  12:35  Marine x4  
  72  12:37  Marine  
  72  12:38  Marine  
  67  12:48  Marine  
  68  12:53  Marine x3  
  68  12:55  Marine  
  68  12:56  Marine, SCV  
  68  12:57  Marine  
  74  13:05  Marine  
  74  13:11  Marine x2  
  77  13:13  Marine x2  
  77  13:15  Marine  
  80  13:23  Marine  
  81  13:29  Marine x2  
  81  13:30  Marine  
  81  13:31  Marine  
  81  13:33  Marine  
  86  13:37  SCV x2  
  76  13:41  Marine  
  76  13:47  Marine x2  
  68  13:48  Marine  
  68  13:49  Marine  
  68  13:51  Marine  
  68  13:54  Siege Tank  
  68  13:55  Medivac  
  74  13:59  Marine  
  74  14:04  Marine x2  
  74  14:06  Marine  
  74  14:07  Marauder  
  74  14:09  Marine  
  80  14:14  SCV  
  81  14:17  Marine  
  81  14:22  Marine x2  
  84  14:24  Marine  
  84  14:26  Marine, SCV  
  84  14:28  Marine  
  88  14:34  Marine  
  89  14:42  Marine x3  
  89  14:44  Marine, Orbital Command  
  93  14:47  Marine  
  93  14:50  Terran Infantry Weapons Level 2  
  93  14:52  Marine  
  95  15:00  Marine x3  
  95  15:02  Marine  
  95  15:05  Marine  
  100  15:10  Marine  
  94  15:18  Marine x3  
  94  15:19  SCV  
  94  15:20  Marine, SCV  
  95  15:23  Marine  
  95  15:25  Terran Infantry Armor Level 1  
  95  15:27  Supply Depot  
  95  15:28  Marine  
  86  15:35  Marine  
  86  15:36  Marine x2  
  86  15:38  Marine  
  86  15:41  Marine  
  86  15:46  Marine  
  87  15:53  Marine x3  
  90  16:08  Command Center  
  90  16:11  Marine x3  
  90  16:12  Marine x3  
  90  16:14  SCV  
  97  16:29  Marine x5  
  97  16:30  Marine  
  103  16:35  SCV x2  
  105  16:47  Marine x6  
  86  17:05  Marine x5  
  86  17:06  Marauder  
  74  17:22  Marine  
  74  17:23  Marine x4, Planetary Fortress  
  74  17:27  Marine, SCV x2  
  82  17:39  SCV  
  82  17:40  Marine x3  
  82  17:41  Marine x2  
  88  17:44  Marine  
  88  17:50  SCV  
  84  17:51  SCV  
Tags
 
Composition
MMM Bio
Matchup
TvZ
Opening
Pool First
Spawn Locations
Cross Positions
Add a new tag
Caveats
  • Supply blocks, unpowered buildings, or Contaminate may cause inaccurate times.
  • Supply counts are checked every 10 seconds.